 Dungeon Crawl Stone Soup version 0.20.0-10-g0535bb4 (console) character file.

149 CALLOUS the Magician (level 5, -1/40 HPs)
             Began as a Formicid Wizard on June 7, 2017.
             Was a Follower of Elyvilon.
             Slain by an orc
             ... wielding a +0 club
              (2 damage)
             ... on level 5 of the Dungeon.
             The game lasted 00:52:14 (5959 turns).

CALLOUS the Magician (Formicid Wizard)              Turns: 5959, Time: 00:52:14

Health: -1/40      AC:  5    Str: 13    XL:     5   Next: 56%
Magic:  1/9        EV: 12    Int: 17    God:    Elyvilon [*.....]
Gold:   150        SH:  0    Dex:  9    Spells: 1/10 levels left

rFire    . . .     SeeInvis +   (no weapon)
rCold    . . .     Gourm    .   (no shield)
rNeg     . . .     Faith    .   a - +0 robe
rPois    .         Spirit   .   (helmet unavailable)
rElec    .         Reflect  .   (no cloak)
rCorr    .         Harm     .   u - +2 pair of gloves
MR       .....     Clarity  +   (no boots)
Stlth    ++........             (no amulet)
Regen    0.2/turn               (no ring)
MPRegen  0.2/turn               (no ring)

@: very slightly contaminated
A: permanent stasis, dig shafts and tunnels, four strong arms, antennae 3,
clarity
a: Dig, Shaft Self, Lesser Healing, Divine Protection, Renounce Religion


You were on level 5 of the Dungeon.
You worshipped Elyvilon.
Elyvilon was aware of your devotion.
You were not hungry.

You visited 1 branch of the dungeon, and saw 5 of its levels.

You collected 150 gold pieces.

Inventory:

Hand Weapons
 m - a +0 hunting sling
 r - a +0 blowgun
 y - a +0 spear
 A - a +0 trident
 B - a +3 whip
Missiles
 d - 40 stones (quivered)
 s - 18 poisoned needles
 w - 29 sling bullets
Armour
 a - a +0 robe (worn)
 i - a cursed +0 scale mail
 n - a +0 large shield
 u - a +2 pair of gloves (worn)
Jewellery
 z - an uncursed amulet of harm {unknown}
Wands
 k - a wand of digging (6/24)
Scrolls
 g - 2 scrolls of teleportation {unknown}
 h - 3 scrolls of identify {unknown}
 q - a scroll of immolation {unknown}
 t - 2 scrolls of recharging {unknown}
 v - a scroll of enchant weapon {unknown}
 x - a scroll of remove curse {unknown}
Books
 b - a book of Minor Magic

   Spells                             Type                      Level
   a - Magic Dart                     Conjuration                  1
   b - Blink                          Translocation                2
   c - Call Imp                       Summoning                    2
   d - Slow                           Hexes                        2
   e - Conjure Flame                  Conjuration/Fire             3
   f - Mephitic Cloud                 Conjuration/Poison/Air       3
Comestibles
 c - 3 bread rations
 f - a fruit
 j - a meat ration
 l - a royal jelly


   Skills:
 * Level 2.8 Fighting
 * Level 2.1 Armour
 - Level 1.7 Dodging
 + Level 3.0 Stealth
 * Level 1.3 Shields
 - Level 3.2 Spellcasting
 - Level 0.8 Conjurations
 - Level 1.0 Summonings
   Level 0.8 Translocations
 * Level 1.1 Poison Magic
 * Level 0.8 Invocations
 * Level 2.1 Evocations


You had one spell level left.
You knew the following spells:

 Your Spells              Type           Power        Failure   Level  Hunger
a - Magic Dart            Conj           #...         12%         1    None
b - Call Imp              Summ           #.......     17%         2    ##.....
c - Conjure Flame         Conj/Fire      #.......     38%         3    ###....
d - Mephitic Cloud        Conj/Pois/Air  #.......     36%         3    ###....


Dungeon Overview and Level Annotations

Branches:
Dungeon (5/15)
 Temple: D:4-7

Altars:
Elyvilon
Zin
The Shining One

Shops:
D:5 [}

Annotations:
D:1 1 exclusion
D:2 1 exclusion
D:3 1 exclusion
D:4 xash's ghost, amateur OpTm


Innate Abilities, Weirdness & Mutations

You cannot be hasted, slowed, berserked, paralysed or teleported.
You can dig through walls and to a lower floor.
Your four strong arms can wield two-handed weapons with a shield.
You have a pair of large antennae on your head. (SInv)
You possess an exceptional clarity of mind.


Message History

Press: ? - help, v - describe, . - travel
Here: an orc, wielding a mace and wearing a ring mail (hasn't noticed you)
The floor.
Unknown command.
Press: ? - help, v - describe, . - travel
Here: a killer bee zombie (hasn't noticed you)
The floor.
Unknown command.
The orc closely misses you.
The orc wizard hits you but does no damage.
Space warps horribly around you!
* * * LOW HITPOINT WARNING * * *
The orc closely misses you.
The orc wizard gestures at you while chanting.
The magic dart hits you!
* * * LOW HITPOINT WARNING * * *
The orc hits you with a mace.
* * * LOW HITPOINT WARNING * * *
The orc misses you. The orc hits you with a club.
You die...

### #####.##########
#...)....o...).#
#..##..##(.###.#
#..8..oo.8.# #.#
###########@##### #(#
####.......ooo.oZ# #.#
#......#######o#.#####(#
#......# #.#.##....#
#......# #.#Z##...(#
#......# #.#.##...o#
#......###..............
######...........#.##..(.#
#.......###... ###.##....#
#.......# {.{ #.##.....
#..<....+....oo ......


You could see an orc wizard, 6 orcs and a killer bee zombie (wandering).

Vanquished Creatures
  A howler monkey (D:5)
  An ooze (D:2)
  A dart slug (D:3)
  A worm (D:3)
  5 orcs
  2 ball pythons (D:2)
  9 bats
  2 giant cockroaches (D:2)
  2 goblins
  4 hobgoblins
  A jackal (D:2)
  A quokka (D:2)
  3 frilled lizards (D:2)
  5 kobolds
  14 rats
52 creatures vanquished.

Vanquished Creatures (collateral kills)
  Jessica (D:2)
  4 adders (D:2)
  An ooze (D:2)
  A worm (D:2)
  A leopard gecko (D:2)
  An orc (D:3)
  2 giant cockroaches
  2 goblins
  A hobgoblin (D:1)
  3 jackals
  3 bats (D:2)
  A rat (D:2)
21 creatures vanquished.

Grand Total: 73 creatures vanquished

Notes
Turn   | Place    | Note
-------+----------+-------------------------------------------
     0 | D:1      | CALLOUS the Formicid Wizard began the quest for the Orb.
     0 | D:1      | Reached XP level 1. HP: 13/13 MP: 4/4
   385 | D:1      | Reached skill level 1 in Fighting
   430 | D:1      | Reached XP level 2. HP: 21/21 MP: 1/6
   434 | D:1      | Learned a level 2 spell: Call Imp
  1110 | D:2      | Noticed Jessica
  1115 | D:2      | Killed Jessica
  1115 | D:2      | Reached skill level 1 in Armour
  1115 | D:2      | Reached XP level 3. HP: 19/27 MP: 0/7
  1868 | D:2      | Reached skill level 1 in Evocations
  1900 | D:2      | Learned a level 3 spell: Conjure Flame
  2060 | D:2      | Reached XP level 4. HP: 33/33 MP: 1/8
  2066 | D:2      | Learned a level 3 spell: Mephitic Cloud
  4121 | D:3      | Found a glowing silver altar of Zin.
  4123 | D:3      | Found a white marble altar of Elyvilon.
  4124 | D:3      | Found a glowing golden altar of the Shining One.
  4130 | D:3      | Became a worshipper of Elyvilon the Healer
  4511 | D:3      | Reached skill level 1 in Poison Magic
  4940 | D:3      | Reached XP level 5. HP: 37/38 MP: 0/9
  5195 | D:3      | Gained mutation: You are dopey. (Int -2) [potion of mutation]
  5195 | D:3      | Gained mutation: You possess an exceptional clarity of mind. [potion of mutation]
  5195 | D:3      | Lost mutation: You are dopey. (Int -2) [potion of mutation]
  5536 | D:4      | Noticed xash's ghost (amateur OpTm)
  5574 | D:4      | Reached * piety under Elyvilon
  5604 | D:5      | Entered Level 5 of the Dungeon
  5613 | D:5      | Found Nyatree's Armour Shoppe.
  5633 | D:5      | Found Xenk's Gadget Boutique.
  5945 | D:5      | Reached skill level 1 in Shields
  5959 | D:5      | HP: 2/40 [orc wizard/magic dart (3)]
  5959 | D:5      | Slain by an orc

Skill      XL: |  1  2  3  4  5 |
---------------+----------------+-----
Fighting       | 1 2 |  2.8
Armour         | 1 2 |  2.1
Evocations     | 1 2 |  2.1
Poison Magic   | 1 |  1.1
Stealth        | 3 |  3.0
Shields        | 1 |  1.3
Dodging        | |  1.7
Spellcasting   | |  3.2
Conjurations   | |  0.8
Summonings     | |  1.0
Translocations | |  0.8
Invocations    | |  0.8

Action                   |  1- 3 |  4- 6 || total
-------------------------+-------+-------++-------
Melee: Unarmed           |    76 |   354 ||   430
Throw: Stone             |    65 |   132 ||   197
 Cast: Magic Dart        |    14 |    61 ||    75
       Call Imp          |    20 |     6 ||    26
  Use: Potion            |     2 |     2 ||     4
 Stab: Sleeping          |     1 |     1 ||     2
  Eat: Chunk             |     4 |    14 ||    18
Armor: Robe              |    25 |    84 ||   109
Dodge: Dodged            |    61 |   232 ||   293
